 Dungeon Crawl Stone Soup version 0.29.1-14-g9c671dbff4 (webtiles) character file.

Game seed: 7666098032173246609

1961 croobank the Covert (level 9, -2/62 HPs)
             Began as an Octopode Delver on Feb 15, 2023.
             Slain by an orc
             ... wielding a +0 spear
              (4 damage)
             ... in a bailey.
             The game lasted 00:20:07 (6865 turns).

croobank the Covert (Octopode Delver)               Turns: 6865, Time: 00:20:08

Health: -2/62      AC:  1    Str: 12    XL:     9   Next: 19%
Magic:  14/14      EV: 19    Int: 16    God:
Gold:   243        SH:  0    Dex: 13    Spells: 13/15 levels left

rFire   + . .      SeeInvis .   a - +2 hand axe (freeze)
rCold   . . .      Faith    .   (no shield)
rNeg    . . .      Spirit   .   (helmet restricted)
rPois   .          Reflect  .   w - amulet of magic regeneration
rElec   .          Harm     .   r - ring of willpower
rCorr   .          Rampage  .   t - +4 ring of evasion
Will    +....                   y - ring of protection from fire
Stlth   ++++++....              (no ring)
HPRegen 0.20/turn               (no ring)
MPRegen 0.54/turn               (no ring)
                                (no ring)
                                (no ring)

@: on berserk cooldown, slowed, very slow
A: almost no armour, amphibious, 8 rings, camouflage 1, gelatinous body 1,
nimble swimmer 1, tentacles
a: no special abilities


You were in a bailey.
You visited 1 branch of the dungeon, and saw 7 of its levels.
You also visited: Bailey.

You collected 243 gold pieces.

Inventory:

Hand Weapons
 a - a +2 hand axe of freezing (weapon)
 c - a +0 dagger
 h - a +0 short sword
 q - a +0 dagger of venom
 B - a +1 flail of holy wrath
 D - a +0 war axe
 F - a +1 spear of venom
 G - a +3 spear
Missiles
 H - 2 boomerangs (quivered)
Magical Staves
 k - a staff of death
Jewellery
 r - a ring of willpower (left tentacle)
 t - a +4 ring of evasion (right tentacle)
 w - an amulet of magic regeneration (around mantle)
 y - a ring of protection from fire (on tentacle)
 C - a ring of ice
Wands
 f - a wand of digging (3)
 x - a wand of polymorph (10)
 J - a wand of paralysis (5)
Scrolls
 b - a scroll of fog
 e - a scroll of immolation
 g - 3 scrolls of vulnerability
 m - 2 scrolls of teleportation
 E - a scroll of summoning {unknown}
Potions
 d - 2 potions of brilliance
 i - 2 potions of mutation
 j - a potion of magic
 l - a potion of curing
 n - a potion of might
 p - a potion of haste
 s - a potion of invisibility {unknown}
 u - a potion of lignification {unknown}
 z - a potion of ambrosia {unknown}
 A - a potion of degeneration {unknown}
 I - a potion of attraction {unknown}


   Skills:
 + Level 5.6 Fighting
 + Level 5.2 Axes
 + Level 5.2 Dodging
 + Level 9.7 Stealth
 + Level 3.8 Spellcasting
 + Level 4.2 Translocations


You had 13 spell levels left.
You knew the following spells:

 Your Spells              Type           Power      Damage    Failure   Level
a - Blink                 Tloc           32%        N/A       4%          2

Your spell library contained the following spells:

 Spells                   Type           Power      Damage    Failure   Level
 Lesser Beckoning         Tloc           16%        N/A       9%          3
 Manifold Assault         Tloc           16%        N/A       63%         5


Dungeon Overview and Level Annotations

Branches:
Dungeon (7/15)             Bailey (1/1)
 Temple: D:4-7

Altars:
Hepliaklqana
Makhleb
Nemelex Xobeh
Wu Jian

Annotations:
D:3 1 runed translucent door, Crazy Yiuf


Innate Abilities, Weirdness & Mutations

You cannot wear most types of armour.
You are amphibious.
You can wear up to eight rings at the same time.
Your skin changes colour to match your surroundings (Stealth+).
Your rubbery body absorbs attacks. (AC +1, EV +1)
You are camouflaged when in or above water. (Stealth+)
You have tentacles for arms and can constrict up to eight enemies at once.


Message History

Evoke which item? (* to show all) (? for menu, Esc to quit)
Okay, then.
Okay, then.
You feel better.
The centaur hits you from afar with a +0 trident.
* * * LOW HITPOINT WARNING * * *
The orc barely misses you.
A red film seems to cover your vision as you go berserk!
You feel yourself moving faster!
You feel mighty!
You feel stable enough to blink again. The centaur misses you.
The orc barely misses you.
The centaur hits you from afar with a +0 trident!
* * * LOW HITPOINT WARNING * * *
You feel a strong urge to attack something.
The centaur closely misses you. x2; The orc misses you.
You hit the centaur. You freeze the centaur.
You kill the centaur!
The orc hits you with a +0 spear.
* * * LOW HITPOINT WARNING * * *
There is a fountain of clear blue water here.
You completely miss the orc. Your grab misses the orc. You squeeze the orc.
You kill the orc!
The orc hits you from afar with a +0 spear.
* * * LOW HITPOINT WARNING * * *
The orc hits you from afar with a +0 spear.
* * * LOW HITPOINT WARNING * * *
You hit the orc. You freeze the orc. You grab the orc.
The orc is severely wounded.
You constrict the orc, but do no damage.
The orc misses you. x2; The orc closely misses you.
You release your grip on the orc.
The orc completely misses you. The orc barely misses you.
There is a fountain of clear blue water here.
You feel a strong urge to attack something.
You are no longer berserk.
You are exhausted.
You feel yourself slow down. The orc closely misses you.
The orc hits you from afar with a +0 spear.
You die...

#.≈.≈≈.≈...≈.≈≈.≈
#.≈≈.≈.≈≈.≈≈.≈.≈≈
+..≈.≈≈o≈.≈.≈≈.≈.
#.....≈≈o..≈≈....
#....).≈≈≈≈≈o....
#≈≈≈≈..)......≈≈
####≈≈oo...$⌠≈≈#
##≈≈≈$.$≈≈≈#
##≈≈@≈≈≈≈#
#########


You could see 5 orcs.

Vanquished Creatures
  Grinder (D:3)
  A steam dragon (D:5)
  Menkaure (D:4)
  A water moccasin (D:6)
  2 orc warriors
  An ice beast (D:5)
  A black bear (D:4)
  A centaur (Bailey)
  2 bullfrogs
  5 scorpions
  2 howler monkeys (D:7)
  A jelly (D:4)
  2 orc priests (D:5)
  3 iguanas
  4 orc wizards
  2 gnolls (D:5)
  8 adders
  2 shadow imps
  An ufetubus (D:6)
  3 dart slugs
  16 orcs
  9 ball pythons
  2 bats
  6 endoplasms
  3 giant cockroaches
  10 goblins
  7 hobgoblins
  3 jackals (D:1)
  6 quokkas
  7 frilled lizards
  A kobold (D:1)
  4 rats
118 creatures vanquished.

Notes
Turn   | Place    | Note
-------+----------+-------------------------------------------
     0 | D:5      | croobank the Octopode Delver began the quest for the Orb.
     0 | D:5      | Reached XP level 1. HP: 16/16 MP: 1/1
    54 | D:6      | Noticed an orc wizard
   211 | D:5      | Noticed an ice beast
   259 | D:5      | Noticed an iguana
   265 | D:4      | Noticed an iguana
   348 | D:3      | Noticed a scorpion
   594 | D:3      | Found a runed translucent door.
   595 | D:3      | Noticed Crazy Yiuf
   654 | D:3      | Found an ornate altar of the Wu Jian Council.
   679 | D:3      | Reached XP level 2. HP: 4/21 MP: 2/2
   963 | D:2      | Reached XP level 3. HP: 21/26 MP: 3/3
  1098 | D:1      | Found a faded altar of an unknown god.
  1189 | D:1      | Reached skill level 7 in Stealth
  2420 | D:2      | Reached XP level 4. HP: 31/31 MP: 4/4
  2765 | D:3      | Noticed Grinder
  2982 | D:3      | Found a hazy altar of Hepliaklqana.
  2989 | D:3      | Learned a level 2 spell: Blink
  3031 | D:3      | Killed Grinder
  3032 | D:3      | Reached skill level 1 in Spellcasting
  3032 | D:3      | Reached skill level 1 in Translocations
  3032 | D:3      | Reached XP level 5. HP: 28/37 MP: 4/7
  3032 | D:3      | Reached XP level 6. HP: 33/43 MP: 4/8
  3615 | D:4      | Noticed Menkaure
  3625 | D:4      | Killed Menkaure
  3626 | D:4      | Reached skill level 8 in Stealth
  3626 | D:4      | Reached XP level 7. HP: 31/48 MP: 9/9
  4826 | D:3      | Found a burning altar of Makhleb.
  4826 | D:3      | Found a sparkling altar of Nemelex Xobeh.
  5369 | D:5      | Reached XP level 8. HP: 44/54 MP: 11/11
  5773 | D:5      | Reached skill level 5 in Fighting
  5776 | D:5      | Reached skill level 9 in Stealth
  6493 | D:6      | Reached skill level 5 in Axes
  6493 | D:6      | Reached skill level 5 in Dodging
  6493 | D:6      | Reached XP level 9. HP: 11/61 MP: 14/14
  6781 | D:7      | Found a flagged portal.
  6834 | Bailey   | Entered a bailey
  6859 | Bailey   | HP: 2/93 [orc/+0 spear (4)]
  6865 | Bailey   | Slain by an orc

Illustrated notes

Levels and vault maps discovered:
D:1:      lemuel_arrival_broad_hall, layout_loops_ring, serial_forest,
          infiniplex_forest_lined_3, infiniplex_forest_fountain,
          infiniplex_forest_end_3, infiniplex_forest_lined_room_2,
          infiniplex_forest_lined_corner, infiniplex_forest_clump_small,
          hellmonk_ecumenical_altar_blasted, columned_hall_lemuel, minivault_4,
          minivault_25, minmay_misc_feat_rugged, chequers_serial_rivers_small_a,
          minmay_octomino_e4
D:2:      layout_basic
D:3:      layout_basic, mainiacjoe_overflow_surrounded_room,
          nicolae_overflow_hidden_temple, nicolae_wu_jian_wuxing_cycle,
          uniq_crazy_yiuf_cottage, uniq_grinder
D:4:      layout_loops_ring, enter_ossuary_1, minmay_hedge_maze,
          minmay_checkerbox, uniq_menkaure
D:5:      layout_gridville, minmay_manual_macuahuitl
D:6:      lemuel_castle_with_subvaults [lemuel_castle_interior_carwin_3],
          layout_basic, nicolae_vehumet_radiance, nicolae_gozag_seed_capital,
          minmay_temple_entry_enclosed_plants, uniq_pikel
D:7:      layout_loops_cross, enter_bailey_3
Bailey:   bailey_polearm_flooded_kennysheep, bailey

Skill      XL: |  1  2  3  4  5  6  7  8 |
---------------+-------------------------+-----
Stealth        | 7 8 9 |  9.7
Fighting       | 4 5 |  5.6
Axes           | 3 4 5 |  5.2
Dodging        | 3 4 5 |  5.2
Spellcasting   | 1 2 3 |  3.8
Translocations | 1 2 4 |  4.2

Action                   |  1- 3 |  4- 6 |  7- 9 || total
-------------------------+-------+-------+-------++-------
Melee: Hand axe          |    57 |    37 |   166 ||   260
       Tentacles         |    11 |    11 |    48 ||    70
       Constrict         |    14 |     8 |    46 ||    68
       Punch             |     1 |       |     5 ||     6
 Cast: Blink             |       |       |     2 ||     2
Evoke: Wand              |       |       |     2 ||     2
  Use: Scroll            |     2 |     9 |     7 ||    18
       Potion            |     2 |       |     7 ||     9
 Stab: Sleeping          |    15 |     6 |    13 ||    34
       Distracted        |       |       |     2 ||     2
Armor: Skin              |     2 |       |     3 ||     5
Dodge: Dodged            |    47 |    21 |   173 ||   241
